[ PARTIDA AOE2 · #507272252 ]
UnrankedBengalíes vs Wu
Equipo del jugador · VICT
[ ANÁLISIS DE REPETICIÓN · EXTRAÍDO DE LA PARTIDA GRABADA ]
Feudal
8:50
Castillos
23:31
Imperial
37:31
| APM promedio | 69.9 |
| APM pico | 122 |
| eAPM promedio | 38.6 |
| Aldeanos / militares | 205 / 137 |
Foco
⚔️ 49.1% · 🌾 50.9%
Scout Cavalry ×46 · Elephant Archer ×36 · Skirmisher ×20 · Archer ×19 · Trebuchet (Packed) ×7 · Monk ×3
Feudal
11:29
Castillos
20:03
Imperial
36:18
| APM promedio | 89.3 |
| APM pico | 126 |
| eAPM promedio | 43.7 |
| Aldeanos / militares | 214 / 106 |
Foco
⚔️ 31.7% · 🌾 68.3%
Skirmisher ×96 · Unknown (1968) ×37 · Unknown (1942) ×13 · Militia ×5 · Spearman ×3 · Mangonel ×2
Mapa de la partida
Recursos iniciales + cada clic de construcción. Líneas = muros · curvas = relieve. ◆ oro · ⬟ piedra · ● bayas · ✦ reliquia · ◌ hueco del cierre
Tu base· ✓ Cerrada en 23:31 · 25t muro · 1 puerta(s)
Base de Lamo· Abierta — el rival se encerró
Terreno inicial suavizado · ◌ = hueco del cierre detectado · pasá el cursor para detalles
Inputs por minuto
— Clearlove - - Lamo
Build order — Clearlove
Primeras 150 de 550 acciones detectadas
| 0:00 | Crear | Villager (Male) |
| 0:00 | Crear | Villager (Male) |
| 0:00 | Crear | Villager (Male) |
| 0:02 | Construir | House |
| 0:02 | Construir | House |
| 0:05 | Crear | Villager (Male) |
| 1:21 | Construir | Mill |
| 1:25 | Crear | Villager (Male) |
| 1:52 | Crear | Villager (Male) |
| 2:24 | Crear | Villager (Male) |
| 2:24 | Crear | Villager (Male) |
| 2:53 | Crear | Villager (Male) |
| 3:17 | Crear | Villager (Male) |
| 3:34 | Construir | House |
| 3:39 | Crear | Villager (Male) |
| 3:39 | Crear | Villager (Male) |
| 4:12 | Crear | Villager (Male) |
| 4:24 | Crear | Villager (Male) |
| 4:30 | Crear | Villager (Male) |
| 5:15 | Crear | Villager (Male) |
| 5:49 | Crear | Villager (Male) |
| 6:10 | Construir | Lumber Camp |
| 6:14 | Investigar | Loom |
| 6:39 | Investigar | Feudal Age |
| 7:51 | Construir | House |
| 7:53 | Construir | Palisade Wall |
| 7:55 | Construir | Palisade Wall |
| 8:14 | Construir | Barracks |
| 8:50 | Edad | Edad Feudal |
| 8:51 | Crear | Villager (Male) |
| 8:55 | Crear | Villager (Male) |
| 9:16 | Construir | Archery Range |
| 9:25 | Crear | Villager (Male) |
| 9:32 | Construir | House |
| 9:35 | Construir | Palisade Wall |
| 9:37 | Crear | Villager (Male) |
| 9:45 | Investigar | Double-Bit Axe |
| 9:45 | Investigar | Double-Bit Axe |
| 10:00 | Crear | Villager (Male) |
| 10:17 | Crear | Archer |
| 10:25 | Construir | Mill |
| 10:30 | Crear | Villager (Male) |
| 10:44 | Crear | Villager (Male) |
| 10:51 | Construir | Mining Camp |
| 11:03 | Crear | Skirmisher |
| 11:11 | Construir | Palisade Wall |
| 11:13 | Crear | Villager (Male) |
| 11:42 | Crear | Villager (Male) |
| 11:52 | Investigar | Town Watch |
| 11:55 | Construir | House |
| 12:00 | Construir | House |
| 12:01 | Crear | Archer |
| 12:07 | Construir | House |
| 12:10 | Construir | Palisade Wall |
| 12:11 | Construir | Palisade Wall |
| 12:12 | Construir | House |
| 12:28 | Crear | Villager (Male) |
| 12:30 | Construir | Farm |
| 12:31 | Construir | Farm |
| 12:37 | Construir | Palisade Wall |
| 12:38 | Construir | Palisade Wall |
| 12:39 | Crear | Archer |
| 12:50 | Crear | Villager (Male) |
| 12:59 | Construir | Blacksmith |
| 13:01 | Crear | Villager (Male) |
| 13:02 | Crear | Archer |
| 13:08 | Crear | Villager (Male) |
| 13:10 | Construir | Farm |
| 13:18 | Crear | Villager (Male) |
| 13:20 | Construir | House |
| 13:26 | Crear | Villager (Male) |
| 13:39 | Crear | Archer |
| 13:41 | Construir | House |
| 13:44 | Investigar | Fletching |
| 13:52 | Construir | Palisade Wall |
| 13:57 | Construir | Palisade Wall |
| 14:02 | Construir | House |
| 14:04 | Crear | Villager (Male) |
| 14:05 | Construir | Farm |
| 14:14 | Crear | Villager (Male) |
| 14:16 | Construir | House |
| 14:19 | Crear | Villager (Male) |
| 14:21 | Crear | Villager (Male) |
| 14:23 | Construir | House |
| 14:28 | Construir | House |
| 14:30 | Construir | Farm |
| 14:31 | Construir | Farm |
| 14:34 | Construir | Lumber Camp |
| 14:34 | Crear | Villager (Male) |
| 14:36 | Construir | Farm |
| 14:39 | Construir | Farm |
| 14:45 | Construir | House |
| 14:46 | Crear | Archer |
| 14:57 | Construir | Palisade Wall |
| 15:00 | Crear | Villager (Male) |
| 15:02 | Construir | Farm |
| 15:14 | Crear | Archer |
| 15:33 | Crear | Archer |
| 15:38 | Construir | Stable |
| 15:43 | Crear | Archer |
| 15:56 | Crear | Villager (Male) |
| 15:57 | Construir | Farm |
| 16:12 | Crear | Scout Cavalry |
| 16:15 | Crear | Archer |
| 16:22 | Investigar | Forging |
| 16:27 | Crear | Villager (Male) |
| 16:42 | Crear | Militia |
| 16:45 | Crear | Scout Cavalry |
| 16:47 | Crear | Villager (Male) |
| 17:14 | Crear | Villager (Male) |
| 17:15 | Construir | Farm |
| 17:18 | Crear | Archer |
| 17:25 | Crear | Archer |
| 17:30 | Construir | Farm |
| 17:32 | Construir | Farm |
| 17:32 | Crear | Villager (Male) |
| 17:34 | Construir | House |
| 17:41 | Construir | Farm |
| 17:42 | Construir | Farm |
| 17:44 | Construir | Farm |
| 17:46 | Construir | Farm |
| 17:50 | Construir | Farm |
| 17:51 | Construir | Farm |
| 17:53 | Construir | Farm |
| 17:57 | Construir | Palisade Wall |
| 18:10 | Investigar | Wheelbarrow |
| 18:18 | Construir | Palisade Gate |
| 18:37 | Crear | Archer |
| 18:51 | Construir | Farm |
| 19:04 | Crear | Archer |
| 19:05 | Crear | Scout Cavalry |
| 19:13 | Investigar | Horse Collar |
| 19:36 | Crear | Villager (Male) |
| 19:38 | Crear | Scout Cavalry |
| 19:38 | Crear | Villager (Male) |
| 19:43 | Crear | Villager (Male) |
| 19:54 | Crear | Scout Cavalry |
| 20:40 | Construir | Farm |
| 20:41 | Construir | Farm |
| 20:48 | Investigar | Castle Age |
| 20:54 | Crear | Scout Cavalry |
| 21:01 | Crear | Archer |
| 21:03 | Construir | Stable |
| 21:07 | Investigar | Scale Barding Armor |
| 21:20 | Crear | Archer |
| 21:25 | Crear | Scout Cavalry |
| 21:40 | Investigar | Bloodlines |
| 21:43 | Crear | Villager (Male) |
| 21:49 | Construir | House |
| 21:55 | Crear | Scout Cavalry |
Build order — Lamo
Primeras 150 de 541 acciones detectadas
| 0:00 | Crear | Villager (Male) |
| 0:00 | Crear | Villager (Male) |
| 0:01 | Crear | Villager (Male) |
| 0:02 | Construir | House |
| 0:02 | Construir | House |
| 0:39 | Crear | Villager (Male) |
| 0:40 | Crear | Villager (Male) |
| 1:23 | Crear | Villager (Male) |
| 1:24 | Crear | Villager (Male) |
| 1:46 | Crear | Villager (Male) |
| 1:46 | Crear | Villager (Male) |
| 1:52 | Construir | Lumber Camp |
| 2:16 | Crear | Villager (Male) |
| 2:16 | Crear | Villager (Male) |
| 2:46 | Crear | Villager (Male) |
| 2:52 | Crear | Villager (Male) |
| 3:35 | Crear | Villager (Male) |
| 3:50 | Construir | House |
| 4:10 | Crear | Villager (Male) |
| 4:10 | Crear | Villager (Male) |
| 4:22 | Construir | Barracks |
| 4:31 | Crear | Villager (Male) |
| 4:31 | Crear | Villager (Male) |
| 4:50 | Construir | House |
| 5:21 | Crear | Villager (Male) |
| 5:22 | Crear | Militia |
| 5:37 | Crear | Villager (Male) |
| 5:39 | Construir | Mill |
| 5:46 | Construir | Mill |
| 5:53 | Crear | Militia |
| 5:58 | Construir | House |
| 6:03 | Crear | Villager (Male) |
| 6:36 | Crear | Villager (Male) |
| 6:41 | Construir | Farm |
| 6:49 | Construir | Farm |
| 7:14 | Crear | Villager (Male) |
| 7:15 | Crear | Villager (Male) |
| 7:15 | Crear | Villager (Male) |
| 7:37 | Crear | Villager (Male) |
| 7:41 | Construir | Farm |
| 8:29 | Construir | Mining Camp |
| 8:31 | Investigar | Loom |
| 8:49 | Investigar | Feudal Age |
| 9:23 | Crear | Militia |
| 9:23 | Crear | Militia |
| 9:34 | Construir | Lumber Camp |
| 9:40 | Crear | Militia |
| 10:03 | Construir | House |
| 10:03 | Construir | House |
| 10:34 | Construir | Mill |
| 10:52 | Crear | Villager (Male) |
| 11:29 | Edad | Edad Feudal |
| 11:30 | Construir | Archery Range |
| 11:38 | Investigar | Man-at-Arms (upgrade) |
| 11:40 | Crear | Villager (Male) |
| 11:42 | Investigar | Double-Bit Axe |
| 11:42 | Investigar | Double-Bit Axe |
| 12:06 | Crear | Villager (Male) |
| 12:16 | Crear | Skirmisher |
| 12:16 | Crear | Skirmisher |
| 12:17 | Construir | House |
| 12:18 | Crear | Villager (Male) |
| 12:25 | Crear | Villager (Male) |
| 12:26 | Construir | Farm |
| 12:27 | Construir | Farm |
| 12:33 | Investigar | Horse Collar |
| 12:54 | Crear | Villager (Male) |
| 12:57 | Construir | Farm |
| 13:06 | Crear | Skirmisher |
| 13:10 | Crear | Villager (Male) |
| 13:11 | Construir | Farm |
| 13:20 | Crear | Skirmisher |
| 13:25 | Crear | Villager (Male) |
| 13:26 | Construir | Farm |
| 13:42 | Construir | Farm |
| 13:47 | Construir | House |
| 13:47 | Construir | House |
| 13:58 | Crear | Skirmisher |
| 14:10 | Crear | Skirmisher |
| 14:12 | Crear | Villager (Male) |
| 14:31 | Crear | Villager (Male) |
| 14:32 | Construir | Blacksmith |
| 14:34 | Construir | Farm |
| 14:41 | Crear | Skirmisher |
| 14:55 | Construir | Farm |
| 15:04 | Construir | House |
| 15:07 | Construir | Palisade Wall |
| 15:17 | Investigar | Fletching |
| 15:17 | Investigar | Fletching |
| 15:17 | Crear | Villager (Male) |
| 15:19 | Construir | Farm |
| 15:20 | Construir | Farm |
| 15:33 | Crear | Villager (Male) |
| 15:37 | Crear | Skirmisher |
| 15:39 | Crear | Skirmisher |
| 15:55 | Crear | Villager (Male) |
| 15:56 | Construir | Farm |
| 15:57 | Construir | Farm |
| 16:01 | Construir | House |
| 16:02 | Construir | Palisade Wall |
| 16:16 | Crear | Skirmisher |
| 16:28 | Construir | Farm |
| 16:28 | Construir | Farm |
| 16:31 | Construir | Farm |
| 17:23 | Investigar | Castle Age |
| 17:24 | Investigar | Castle Age |
| 17:27 | Crear | Skirmisher |
| 17:27 | Crear | Skirmisher |
| 17:29 | Construir | Archery Range |
| 17:42 | Crear | Spearman |
| 17:53 | Crear | Skirmisher |
| 17:58 | Investigar | Padded Archer Armor |
| 17:58 | Investigar | Padded Archer Armor |
| 18:12 | Crear | Skirmisher |
| 18:21 | Investigar | Gold Mining |
| 18:32 | Crear | Skirmisher |
| 18:33 | Crear | Skirmisher |
| 18:33 | Crear | Skirmisher |
| 18:58 | Crear | Skirmisher |
| 19:12 | Construir | House |
| 19:21 | Crear | Skirmisher |
| 19:21 | Crear | Skirmisher |
| 19:34 | Crear | Spearman |
| 19:52 | Crear | Villager (Male) |
| 20:03 | Edad | Edad de los Castillos |
| 20:19 | Investigar | Bodkin Arrow |
| 20:19 | Investigar | Bodkin Arrow |
| 20:22 | Crear | Villager (Male) |
| 20:37 | Investigar | Elite Skirmisher (upgrade) |
| 20:37 | Investigar | Elite Skirmisher (upgrade) |
| 20:42 | Crear | Villager (Male) |
| 20:42 | Crear | Villager (Male) |
| 20:43 | Construir | Town Center |
| 21:10 | Crear | Villager (Male) |
| 21:22 | Investigar | Bow Saw |
| 21:22 | Investigar | Bow Saw |
| 21:34 | Construir | House |
| 21:35 | Construir | House |
| 21:36 | Construir | House |
| 21:37 | Construir | House |
| 21:39 | Construir | House |
| 21:55 | Crear | Skirmisher |
| 21:56 | Crear | Skirmisher |
| 21:58 | Crear | Villager (Male) |
| 22:15 | Crear | Villager (Male) |
| 22:21 | Crear | Villager (Male) |
| 22:21 | Crear | Villager (Male) |
| 22:21 | Crear | Villager (Male) |
| 22:32 | Construir | House |
| 22:41 | Crear | Villager (Male) |
Cronología de la partida
| 4:22 | Lamo · first_building Barracks |
| 7:53 | Clearlove · wall_segment Palisade Wall x1 |
| 7:55 | Clearlove · wall_segment Palisade Wall x1 |
| 8:14 | Clearlove · first_building Barracks |
| 8:50 | Clearlove · age_up feudal |
| 9:16 | Clearlove · first_building Archery Range |
| 9:35 | Clearlove · wall_segment Palisade Wall x6 |
| 11:11 | Clearlove · wall_segment Palisade Wall x6 |
| 11:29 | Lamo · age_up feudal |
| 11:30 | Lamo · first_building Archery Range |
| 12:10 | Clearlove · wall_segment Palisade Wall x1 |
| 12:11 | Clearlove · wall_segment Palisade Wall x1 |
| 12:37 | Clearlove · wall_segment Palisade Wall x1 |
| 12:38 | Clearlove · wall_segment Palisade Wall x1 |
| 13:52 | Clearlove · wall_segment Palisade Wall x1 |
| 13:57 | Clearlove · wall_segment Palisade Wall x1 |
| 14:57 | Clearlove · wall_segment Palisade Wall x6 |
| 15:07 | Lamo · wall_segment Palisade Wall x4 |
| 15:38 | Clearlove · first_building Stable |
| 16:02 | Lamo · wall_segment Palisade Wall x9 |
| 17:57 | Clearlove · wall_segment Palisade Wall x1 |
| 20:03 | Lamo · age_up castle |
| 23:31 | Clearlove · age_up castle |
| 26:42 | Clearlove · first_building Siege Workshop |
| 29:27 | Lamo · first_building Castle |
| 29:43 | Clearlove · first_building Monastery |
| 29:44 | Lamo · first_building Siege Workshop |
| 32:58 | Clearlove · first_building Castle |
| 34:28 | Lamo · wall_segment Stone Wall x8 |
| 34:56 | Lamo · first_market_sell 100 food |
| 34:56 | Lamo · first_market_buy 100 wood |
| 35:42 | Clearlove · first_market_sell 500 wood |
| 36:18 | Lamo · age_up imperial |
| 37:31 | Clearlove · age_up imperial |
| 38:37 | Clearlove · first_market_buy 100 wood |
| 47:13 | Lamo · resign |
[ ANÁLISIS IA · 1 CRÉDITO ]
¿Qué pasó realmente en esta partida?
Wolo.gg analiza cada decisión: build order, eco, micro, errores típicos por bracket. Análisis personalizado por WhatsApp o Discord en 30 segundos.
Guía civ
Bengalíes
Perfil
Jugador #7240746